 Dungeon Crawl Stone Soup version 0.20.0-15-g7f486f2 (webtiles) character file.

409 spacegravy the Covert (level 6, 28/28 HPs)
             Began as a Spriggan Enchanter on June 14, 2017.
             Quit the game on level 4 of the Dungeon.
             The game lasted 00:18:59 (5377 turns).

spacegravy the Covert (Spriggan Enchanter)          Turns: 5377, Time: 00:18:59

Health: 28/28      AC:  2    Str:  5    XL:     6   Next: 58%
Magic:  11/11      EV: 21    Int: 17    God:
Gold:   230        SH:  0    Dex: 17    Spells: 4/10 levels left

rFire    . . .     SeeInvis +   n - +2 short sword (venom)
rCold    . . .     Gourm    .   (shield restricted)
rNeg     . . .     Faith    .   b - +0 robe
rPois    .         Spirit   .   (helmet restricted)
rElec    .         Reflect  .   (no cloak)
rCorr    .         Harm     .   (gloves unavailable)
MR       +....                  (boots unavailable)
Stlth    ++++......             (no amulet)
Regen    0.1/turn               (no ring)
MPRegen  0.2/turn               (no ring)

@: very quick
A: unfitting armour, see invisible, herbivore 3, speed 3, slow metabolism 2
a: no special abilities


You were on level 4 of the Dungeon.
You were hungry.

You visited 1 branch of the dungeon, and saw 4 of its levels.

You collected 230 gold pieces.


Innate Abilities, Weirdness & Mutations

You are very small and have problems with some larger weapons.
You are too small for most types of armour.
You have supernaturally acute eyesight. (SInv)
You are a herbivore.
You cover ground extremely quickly.
You need consume almost no food.


   Skills:
 - Level 1.1 Short Blades
 + Level 5.5 Dodging
 * Level 8.1 Stealth
 - Level 2.6 Spellcasting
 * Level 6.1 Hexes


You had 4 spell levels left.
You knew the following spells:

 Your Spells              Type           Power        Failure   Level  Hunger
x - Confuse               Hex            ###.....     4%          3    ###....
z - Ensorcelled Hibernat  Hex/Ice        ##....       8%          2    ##.....
Z - Corona                Hex            ###....      1%          1    #......

Inventory:

Hand Weapons
 a - a +1 dagger
 n - a +2 short sword of venom (weapon)
Armour
 b - a +0 robe (worn)
 r - a +2 cloak of magic resistance
Magical Staves
 v - an uncursed staff of summoning {unknown}
Jewellery
 q - a +6 ring of protection {unknown}
Scrolls
 e - 8 scrolls of identify {unknown}
 f - 3 scrolls of enchant armour {unknown}
 l - a scroll of recharging {unknown}
 o - 2 scrolls of remove curse {unknown}
 p - a scroll of teleportation {unknown}
 s - a scroll of amnesia {unknown}
 u - a scroll of magic mapping {unknown}
 x - a scroll of enchant weapon {unknown}
Potions
 g - a potion of curing {unknown}
 h - 2 potions of invisibility {unknown}
 i - 2 potions of agility {unknown}
 j - a potion of lignification {unknown}
 k - 2 potions of magic {unknown}
 m - a potion of flight {unknown}
 t - a potion of cancellation {unknown}
Books
 c - a book of Maledictions

   Spells                             Type                      Level
   a - Corona                         Hexes                        1
   b - Ensorcelled Hibernation        Hexes/Ice                    2
   c - Confuse                        Hexes                        3
   d - Tukima's Dance                 Hexes                        3
   e - Dazzling Spray                 Conjuration/Hexes            3
Comestibles
 d - 3 bread rations

Dungeon Overview and Level Annotations

Branches:
Dungeon (4/15)
 Temple: D:4-7

Altars:

▒.......▒▒ ▒.......▒
▒▒▒▒▒▒..▒ ▒▒▒▒▒▒▒.▒▒ ▒
........▒▒ ▒▒▒▒▒
.........▒ ▒▒▒▒▒....
▒▒▒......▒ ▒▒▒▒▒........
▒....▒[▒▒▒▒▒▒............
▒....▒▒.†i.....†.........▒
▒▒.▒▒ ▒▒▒▒▒▒....▒▒▒▒▒▒▒▒▒▒
▒▒ ▒▒▒▒▒▒


There were no monsters in sight!


Message History

You impale the gnoll!!
You kill the gnoll!
You see here a spear.
The gnoll shouts!
You see here a spear.
You see here a gnoll corpse.
Aiming: Ensorcelled Hibernation
Aim: a gnoll (chance to defeat MR: 51%)
The gnoll resists with some effort.
You hit the gnoll.
The gnoll is poisoned.
The gnoll is moderately wounded.
The gnoll completely misses you.
You hit the gnoll but do no damage.
The gnoll looks as sick as possible!
The gnoll is heavily wounded.
The gnoll misses you.
You see here a spear.
You see here a spear.
You hit the gnoll.
The gnoll looks as sick as possible!
The gnoll is almost dead.
You kill the gnoll!
You see here a spear.
e - 8 scrolls labeled NIUGYO UKYPH (gained 1)
Things that are here:
a gnoll corpse x2
You see here a spear.
You start resting.
Magic restored.
Saving game... please wait.
Welcome back, spacegravy the Spriggan Enchanter.
Are you sure you want to abandon this character and quit the game? (Confirm with "yes".)

Action                   |  1- 3 |  4- 6 || total
-------------------------+-------+-------++-------
Melee: Dagger            |    72 |    47 ||   119
       Short sword       |       |    85 ||    85
 Cast: Corona            |     1 |       ||     1
       Ensorcelled Hiber |    23 |    28 ||    51
       Confuse           |       |     1 ||     1
 Stab: Sleeping          |    16 |    16 ||    32
       Distracted        |       |     3 ||     3
  Eat: Royal jelly       |       |     2 ||     2
Armor: Robe              |     1 |    13 ||    14
Dodge: Dodged            |    58 |   112 ||   170

Vault maps used:
D:1:      minmay_arrival_four_circles
D:2:      kennysheep_doodads, minmay_pentomino_z4, uniq_natasha,
          uniq_crazy_yiuf_cottage
D:3:      kennysheep_big_flooded_room
D:4:      first_bread

Notes
Turn   | Place    | Note
-------+----------+-------------------------------------------
     0 | D:1      | spacegravy the Spriggan Enchanter began the quest for the Orb.
     0 | D:1      | Reached XP level 1. HP: 9/9 MP: 5/5
  1005 | D:1      | Reached XP level 2. HP: 13/13 MP: 6/6
  1014 | D:1      | Learned a level 2 spell: Ensorcelled Hibernation
  1034 | D:1      | Reached skill level 4 in Hexes
  1385 | D:2      | Reached skill level 5 in Stealth
  1485 | D:2      | Reached XP level 3. HP: 16/16 MP: 8/8
  1714 | D:2      | Noticed Natasha
  2029 | D:2      | Killed Natasha
  2029 | D:2      | Reached XP level 4. HP: 16/21 MP: 6/9
  2131 | D:2      | Noticed Natasha
  2132 | D:2      | Killed Natasha
  2132 | D:2      | Reached skill level 4 in Dodging
  2132 | D:2      | Reached skill level 6 in Stealth
  2260 | D:2      | Noticed Natasha
  2637 | D:2      | Reached skill level 5 in Hexes
  3006 | D:2      | Killed Natasha
  3006 | D:2      | Reached XP level 5. HP: 24/24 MP: 7/10
  3099 | D:2      | Found a runed door.
  3209 | D:2      | Noticed Crazy Yiuf
  3236 | D:2      | Killed Crazy Yiuf
  3576 | D:3      | Learned a level 3 spell: Confuse
  4390 | D:4      | Reached skill level 7 in Stealth
  4737 | D:4      | Noticed an ogre
  4761 | D:4      | Killed an ogre
  4761 | D:4      | Reached skill level 5 in Dodging
  4761 | D:4      | Reached XP level 6. HP: 28/28 MP: 7/11
  5270 | D:4      | Reached skill level 6 in Hexes
  5305 | D:4      | Reached skill level 8 in Stealth
  5377 | D:4      | Quit the game

Vanquished Creatures
  An ogre (D:4)
  A hound (D:4)
  Crazy Yiuf (D:2)
  A bullfrog skeleton (D:4)
  Natasha (thrice) (D:2)
  An orc wizard (D:4)
  4 gnolls (D:4)
  2 adders
  3 dart slugs
  2 leopard geckos
  2 orcs (D:4)
  10 bats
  4 giant cockroaches
  9 goblins
  4 hobgoblins
  12 jackals
  6 kobolds
  2 quokkas
  A ball python (D:4)
  2 frilled lizards (D:2)
  A leopard gecko skeleton (D:4)
  7 rats
79 creatures vanquished.
